 Dungeon Crawl Stone Soup version 0.29.1-15-g9cfb28693d (webtiles) character file.

Game seed: 10300796331216284182

73 Hugehornet the Changer (level 4, -1/28 HPs)
             Began as an Octopode Transmuter on Mar 25, 2023.
             Slain by an orc
             ... wielding a +0 dagger
              (3 damage)
             ... on level 4 of the Dungeon.
             The game lasted 00:02:13 (2248 turns).

Hugehornet the Changer (Octopode Transmuter)        Turns: 2248, Time: 00:02:14

Health: -1/28      AC:  1    Str:  9    XL:     4   Next: 27%
Magic:  6/7        EV: 13    Int: 17    God:
Gold:   146        SH:  0    Dex: 12    Spells: 3/7 levels left

rFire   . . .      SeeInvis .     - Unarmed
rCold   . . .      Faith    .   (no shield)
rNeg    + . .      Spirit   .   (helmet currently unavailable)
rPois   .          Reflect  .   (no amulet)
rElec   .          Harm     .   d - ring of positive energy
rCorr   .          Rampage  .   (no ring)
Will    .....                   (no ring)
Stlth   ++........              (no ring)
HPRegen 0.09/turn               (no ring)
MPRegen 0.10/turn               (no ring)
                                (no ring)
                                (no ring)

@: appendages (expiring)
A: tentacle spike 3, almost no armour, amphibious, 8 rings, camouflage 1,
gelatinous body 1, (nimble swimmer 1), tentacles
a: End Transformation


You were on level 4 of the Dungeon.
One of your tentacles had grown a beastly spike.
You visited 1 branch of the dungeon, and saw 4 of its levels.

You collected 146 gold pieces.

Inventory:

Jewellery
 d - a ring of positive energy (left tentacle)
Scrolls
 c - 4 scrolls of enchant armour {unknown}
 e - 3 scrolls of magic mapping {unknown}
 g - a scroll of enchant weapon {unknown}
 i - a scroll of identify {unknown}
 k - 2 scrolls of teleportation {unknown}
Potions
 a - 3 potions of lignification
 b - a potion of heal wounds
 f - a potion of degeneration {unknown}
 h - a potion of cancellation {unknown}
 j - a potion of flight {unknown}


   Skills:
 - Level 1.0 Fighting
 - Level 2.0 Dodging
 - Level 3.0 Unarmed Combat
 - Level 2.0 Spellcasting
 - Level 3.7 Transmutations
 * Level 2.5 Poison Magic


You had 3 spell levels left.
You knew the following spells:

 Your Spells              Type           Power      Damage    Failure   Level
a - Beastly Appendage     Tmut           28%        N/A       4%          1
b - Spider Form           Tmut/Pois      12%        N/A       16%         3

Your spell library contained the following spells:

 Spells                   Type           Power      Damage    Failure   Level
 Wereblood                Tmut           14%        N/A       6%          2
 Ice Form                 Ice/Tmut       8%         N/A       65%         4


Dungeon Overview and Level Annotations

Branches:
Dungeon (4/15)
 Temple: D:4-7

Altars:
Nemelex Xobeh


Innate Abilities, Weirdness & Mutations

One of your tentacles has grown a beastly spike.
You cannot wear most types of armour.
You are amphibious.
You can wear up to eight rings at the same time.
Your skin changes colour to match your surroundings (Stealth+).
Your rubbery body absorbs attacks. (AC +1, EV +1)
((You are camouflaged when in or above water. (Stealth+)))
You have tentacles for arms and can constrict up to eight enemies at once.


Message History

Your Poison Magic skill increases to level 2!
You have reached level 4!
You escape the ball python's grasp.
The orc attacks as you move away! The orc hits you with a +0 dagger.
The orc attacks as you move away! The orc closely misses you.
The ball python barely misses you. The ball python misses you.
The ball python barely misses you. The ball python grabs you.
The ball python constricts you.
You escape the ball python's grasp.
The orc attacks as you move away! The orc hits you with a +0 dagger.
* * * LOW HITPOINT WARNING * * *
Your transformation is almost over.
The ball python misses you. The ball python grabs you.
The ball python constricts you. The ball python barely misses you.
The ball python constricts you.
* * * LOW HITPOINT WARNING * * *
You escape the ball python's grasp.
The orc attacks as you move away! The orc barely misses you.
The orc attacks as you move away! The orc barely misses you.
Found a stone staircase leading down.
A kobold comes into view. It is wielding a +0 dagger.
The kobold shouts!
The orc attacks as you move away! The orc hits you with a +0 dagger.
* * * LOW HITPOINT WARNING * * *
A kobold comes into view. It is wielding a +0 club.
The kobold shouts!
The kobold moves out of view.
The kobold completely misses you.
There is a stone staircase leading down here.
Your tentacle spike disappears.
The kobold hits you with a +0 dagger.
* * * LOW HITPOINT WARNING * * *
The orc hits you but does no damage.
You climb downwards.
There is a stone staircase leading up here.
Casting: Beastly Appendage (safe; 4% risk of failure)
Confirm with . or Enter, or press ? or * to list all spells.
One of your tentacles grows a vicious spike.
The orc hits you with a +0 dagger.
You die...

#####
#.o@#
#K###
..
...
...
.. .


You could see an orc and a kobold.

Vanquished Creatures
  An orc priest (D:3)
  An ufetubus (D:2)
  A worm (D:2)
  3 dart slugs
  An orc (D:3)
  2 bats (D:2)
  A giant cockroach (D:2)
  5 goblins
  2 hobgoblins
  4 jackals
  2 kobolds
  2 ball pythons (D:2)
  3 rats
28 creatures vanquished.

Notes
Turn   | Place    | Note
-------+----------+-------------------------------------------
     0 | D:1      | Hugehornet the Octopode Transmuter began the quest for the
                  | Orb.
     0 | D:1      | Reached XP level 1. HP: 13/13 MP: 3/3
   204 | D:1      | Reached XP level 2. HP: 11/18 MP: 3/5
  1563 | D:2      | Reached XP level 3. HP: 23/23 MP: 4/6
  1567 | D:2      | Learned a level 3 spell: Spider Form
  2203 | D:3      | Reached skill level 1 in Poison Magic
  2212 | D:3      | Found a sparkling altar of Nemelex Xobeh.
  2234 | D:3      | Reached XP level 4. HP: 15/28 MP: 7/7
  2248 | D:4      | Slain by an orc

Illustrated notes

Levels and vault maps discovered:
D:1:      evilmike_arrival_hilbert_curve, layout_loops_ring,
          dreamdust_princess_corridor
D:2:      layout_loops_ring, grunt_ministairs_3, minmay_split_cup_large
D:3:      layout_loops_ring, kiku_gazebo_pond_becter,
          ashenzari_conservatory_becter, mainiacjoe_overflow_tiny_flanked,
          gup_sewer_entry_spiral, minmay_misc_feat_iff, grunt_ministairs_15,
          chequers_serial_rivers_micro_c, uniq_crazy_yiuf_cottage
D:4:      minmay_clustersquares, layout_basic, hex_intersection,
          pf_guarded_unrand_woodcutter

Skill      XL: |  1  2  3 |
---------------+----------+-----
Transmutations | 3 |  3.7
Poison Magic   | 2 |  2.5
Fighting       | |  1.0
Dodging        | |  2.0
Unarmed Combat | |  3.0
Spellcasting   | |  2.0

Action                   |  1- 3 |  4- 6 || total
-------------------------+-------+-------++-------
Melee: Unarmed           |    68 |       ||    68
       Constrict         |    18 |       ||    18
       Kick              |    16 |       ||    16
       Punch             |     2 |       ||     2
       Tentacles         |    10 |       ||    10
 Cast: Beastly Appendage |    15 |     1 ||    16
  Use: Potion            |     1 |       ||     1
 Stab: Sleeping          |     1 |       ||     1
Armor: Skin              |     6 |     1 ||     7
Dodge: Dodged            |    48 |     9 ||    57
